AoeStats
← vixilixiv

Golden Pit

508641031Analyzed
1v1 RM · 10d ago on Sep 23, 2026· 61m 46s· 2 players
Game mode
Random Map
Map size
Tiny (2 player)
Population
200
Speed
Normal
Resources
Standard
Victory
Conquest
Starting age
Dark Age
Ending age
Imperial Age
RankedLock teamsTeams togetherTeam positionsShared explorationLock speedFull tech treeHidden civsTurbo modeCheats
Victory
Defeat
🇺🇸 Huns · United States
764
+13
🇮🇳 Mongols · India
701
-13
vixilixiv
4:32 Loom
10:57 Feudal Age
15:10 Castle Age
24:21 Fletching
24:32 Padded Archer Armor
27:57 Bodkin Arrow
28:17 Leather Archer Armor
28:55 Double-Bit Axe
29:59 Leather Archer Armor
31:51 Ballistics
36:32 Bow Saw
42:10 Imperial Age
41:31 Forging
41:26 Scale Barding Armor
41:46 Murder Holes
42:13 Bloodlines
46:26 Chain Barding Armor
46:41 Iron Casting
49:55 Cavalier
56:13 Gold Mining
56:14 Stone Mining
Spazjackal
6:45 Loom
10:35 Feudal Age
11:15 Double-Bit Axe
13:31 Wheelbarrow
16:05 Horse Collar
19:39 Town Watch
22:26 Castle Age
21:13 Scale Barding Armor
21:56 Stone Mining
22:00 Gold Mining
22:22 Forging
23:52 Bow Saw
24:40 Heavy Plow
25:19 Gold Shaft Mining
26:01 Husbandry
27:40 Fletching
29:01 Light Cavalry
29:50 Padded Archer Armor
31:37 Hand Cart
31:51 Bloodlines
32:04 Scale Mail Armor
34:47 Bodkin Arrow
35:16 Ballistics
35:08 Masonry
36:32 Town Patrol
37:12 Iron Casting
40:56 Imperial Age
39:52 Thumb Ring
40:06 Leather Archer Armor
40:13 Chain Barding Armor
40:57 Murder Holes
41:22 Chain Mail Armor
42:39 Parthian Tactics
41:37 Heavy Cavalry Archer
44:52 Bracer
45:42 Hussar
47:01 Plate Barding Armor
50:01 Chemistry
Connection lost

Rejoining the realm…

Still unreachable

The connection could not be restored.

Session expired

The server has moved on; the page needs a fresh start.